 Dungeon Crawl Stone Soup version 0.18.1-8-gdd0e5ea (webtiles) character file.

92 Gargoyl the Skirmisher (level 4, 0/35 HPs)
             Began as a Demonspawn Abyssal Knight on June 4, 2016.
             Was a Believer of Lugonu.
             Slain by a scorpion (7 damage)
             ... on level 3 of the Dungeon.
             The game lasted 00:07:08 (2480 turns).

Gargoyl the Skirmisher (Demonspawn Abyssal Knight)  Turns: 2480, Time: 00:07:09

Health: 0/35       AC:  5    Str: 13    XL:     4   Next: 35%
Magic:  5/5        EV: 11    Int: 13    God:    Lugonu [**....]
Gold:   186        SH:  0    Dex: 13    Spells: 0 memorised, 3 levels left

rFire  . . .     SeeInvis .     a - +1 hand axe
rCold  . . .     Gourm    .     d - +0 ring mail
rNeg   . . .     Faith    .     (no shield)
rPois  .         Spirit   .     (no helmet)
rElec  .         Dismiss  .     (no cloak)
rCorr  .         Reflect  .     (no gloves)
SustAt .         Harm     .     (boots unavailable)
MR     .....                    (no amulet)
Stlth  +.........               (no ring)
                                (no ring)

@: lethally poisoned (0 -> -11), very slightly contaminated, hasted, very quick,
not resistant to hostile enchantments, very unstealthy
A: talons 3
a: Depart the Abyss, Bend Space, Renounce Religion


You were on level 3 of the Dungeon.
You worshipped Lugonu.
Lugonu was pleased with you.
You were hungry.

You visited 1 branch of the dungeon, and saw 3 of its levels.
You visited the Abyss 1 time.

You collected 186 gold pieces.

Inventory:

Hand Weapons
 a - a +1 hand axe (weapon)
 b - a +2 flail of distortion
 e - the +6 arbalest of Eternal War {elec, rC+ Dex+4}
   (You found it on level 2 of the Abyss)

   It charges the ammunition it shoots with electricity; occasionally upon a
   hit, such missiles may discharge and cause terrible harm.
   It affects your dexterity (+4).
   It protects you from cold.
Missiles
 h - 62 bolts
Armour
 d - a +0 ring mail (worn)
Scrolls
 m - 2 scrolls of remove curse {unknown}
 o - a scroll of enchant armour {unknown}
 p - a scroll of fear {unknown}
 q - 2 scrolls of identify {unknown}
 r - a scroll of immolation {unknown}
 t - a scroll of enchant weapon {unknown}
 u - a scroll of random uselessness {unknown}
Potions
 f - a potion of curing {unknown}
 i - a potion of degeneration {unknown}
 k - a potion of magic {unknown}
 l - a potion of cure mutation {unknown}
 n - a potion of mutation {unknown}
 v - a potion of haste
Books
 g - a book of Transfigurations

   Spells                             Type                      Level
   a - Irradiate                      Conjuration/Transmutation    5
   b - Statue Form                    Transmutation/Earth          6
   c - Hydra Form                     Transmutation                6
   d - Dragon Form                    Transmutation                7
Comestibles
 c - 2 bread rations
 j - a beef jerky
 s - a meat ration


   Skills:
 + Level 3.3 Fighting
 + Level 2.5 Axes
 * Level 2.8 Armour
 + Level 2.0 Dodging
 + Level 2.6 Invocations


You had 3 spell levels left.
You didn't know any spells.

Dungeon Overview and Level Annotations

Branches:
Dungeon (3/15)

Altars:
Gozag
Kikubaaqudgha


Innate Abilities, Weirdness & Mutations

You have claws for feet.


Message History

* * * LOW HITPOINT WARNING * * *
You are lethally poisoned!
The scorpion poisons you!
You hit the scorpion.
The scorpion is heavily wounded.
* * * LOW HITPOINT WARNING * * *
You feel sick. The scorpion barely misses you.
You hit the scorpion.
The scorpion is heavily wounded.
* * * LOW HITPOINT WARNING * * *
You feel sick.
The scorpion stings you but does no damage.
Drink which item? (? for menu, Esc to quit)
It was a potion of haste.
You feel yourself speed up.
* * * LOW HITPOINT WARNING * * *
You feel sick. The scorpion completely misses you.
You are very lightly contaminated with residual magic.
* * * LOW HITPOINT WARNING * * *
You feel sick. The scorpion stings you!
You die...

## # #.. # #.. # #... #
#... ######### #
##...########.......###
#......s$..............
#.....@######.......###
#..........<#.......# #
#...................# #
#......######.......#
#..........##.......##
#......###.##........#
#......# #.#####.###.#
#......# #.......###.##
###....# ##########...#


You could see a scorpion.

Vanquished Creatures
  An adder (D:3)
  An ooze (D:2)
  2 worms (D:2)
  A dart slug (D:1)
  A bat skeleton (D:2)
  5 giant cockroaches
  9 goblins
  8 hobgoblins
  6 jackals (D:1)
  A ball python skeleton (D:2)
  11 bats
  4 giant newts
  10 kobolds
  6 rats (D:1)
66 creatures vanquished.

Notes
Turn   | Place    | Note
--------------------------------------------------------------
     0 | Abyss:1  | Gargoyl the Demonspawn Abyssal Knight began the quest for the Orb.
     0 | Abyss:1  | Reached XP level 1. HP: 18/18 MP: 2/2
   126 | Abyss:2  | Got an ivory arbalest
   160 | D:1      | Escaped the Abyss
   167 | D:1      | Identified the +6 arbalest of Eternal War {elec, rC+ Dex+4} (You found it on level 2 of the Abyss)
   317 | D:1      | Reached skill level 1 in Dodging
   485 | D:1      | Reached * piety under Lugonu
   485 | D:1      | Gained mutation: You have sharp toenails. [demonic ancestry]
   485 | D:1      | Reached XP level 2. HP: 23/24 MP: 3/3
   969 | D:1      | Gained mutation: You have razor-sharp toenails. [demonic ancestry]
   969 | D:1      | Reached XP level 3. HP: 23/29 MP: 4/4
  1196 | D:1      | Reached ** piety under Lugonu
  1736 | D:2      | Found an ancient bone altar of Kikubaaqudgha.
  1975 | D:2      | Gained mutation: You have claws for feet. [demonic ancestry]
  1975 | D:2      | Reached XP level 4. HP: 33/35 MP: 5/5
  2012 | D:2      | Found a faded altar to an unknown god.
  2422 | D:3      | Found an opulent altar of Gozag.
  2480 | D:3      | Slain by a scorpion

Skill      XL: |  1  2  3  4 |
---------------+-------------+-----
Dodging        | 1 2 |  2.0
Armour         | 2 |  2.8
Axes           | 2 |  2.5
Fighting       | |  3.3
Invocations    | |  2.6

Action                   |  1- 3 |  4- 6 || total
-------------------------+-------+-------++-------
Melee: Hand axe          |   171 |    44 ||   215
       Kick              |     6 |    10 ||    16
 Fire: Arbalest          |     3 |       ||     3
Invok: Depart the Abyss  |     1 |       ||     1
  Use: Potion            |       |     1 ||     1
  Eat: Chunk             |     3 |     2 ||     5
Armor: Ring mail         |   118 |    18 ||   136
Dodge: Dodged            |   127 |    34 ||   161
